 Dungeon Crawl Stone Soup version 0.18-a0-674-g00855b9 (webtiles) character file.

70 xeno23 the Insei (level 4, -2/36 HPs)
             Began as a Human Monk on Dec 6, 2015.
             Killed by divine providence
             ... invoked by an orc priest
              (10 damage)
             ... on level 3 of the Dungeon.
             The game lasted 00:04:44 (1703 turns).

xeno23 the Insei (Human Monk)                       Turns: 1703, Time: 00:04:44

Health: -2/36      AC:  6    Str: 12    XL:     4   Next: 44%
Magic:  4/4        EV: 12    Int: 10    God:
Gold:   52         SH:  0    Dex: 16    Spells: 0 memorised, 3 levels left

rFire  . . .     SeeInvis .       - Unarmed
rCold  . . .     Clarity  .     t - +0 ring mail
rNeg   . . .     SustAt   .     (no shield)
rPois  .         Gourm    .     (no helmet)
rElec  .         Spirit   .     (no cloak)
rCorr  .         Dismiss  .     z - +0 pair of gloves
rMut   .         Stasis   .     (no boots)
MR     .....                    (no amulet)
Stlth  +.........               (no ring)
                                (no ring)

@: not resistant to hostile enchantments, very unstealthy
A: no striking features
a: no special abilities


You were on level 3 of the Dungeon.
You were hungry.

You visited 1 branch of the dungeon, and saw 3 of its levels.

You collected 52 gold pieces.

Inventory:

Hand Weapons
 w - a +0 blowgun
Missiles
 x - 6 poisoned needles
Armour
 t - a +0 ring mail (worn)
 z - a +0 pair of gloves (worn)
Jewellery
 y - an uncursed ring of ice
Scrolls
 d - a scroll of teleportation {unknown}
 e - 2 scrolls of amnesia {unknown}
 h - 4 scrolls of identify {unknown}
 n - 2 scrolls of remove curse {unknown}
 q - a scroll of fear {unknown}
 s - a scroll of fog {unknown}
 v - a scroll of magic mapping {unknown}
Potions
 g - a potion of brilliance {unknown}
 i - a potion of cure mutation {unknown}
 j - 2 potions of curing {unknown}
 k - a potion of degeneration {unknown}
 l - a potion of mutation {unknown}
 o - a potion of flight {unknown}
 p - a potion of cancellation {unknown}
 r - 2 potions of agility {unknown}
Comestibles
 a - a meat ration
 b - a bread ration
 c - 2 beef jerkies
 f - 2 royal jellies
 m - a slice of pizza


   Skills:
 + Level 3.6 Fighting
 + Level 3.3 Dodging
 - Level 2.0 Stealth
 * Level 5.0 Unarmed Combat


You had 3 spell levels left.
You didn't know any spells.

Dungeon Overview and Level Annotations

Branches:
Dungeon (3/15)

Altars:
Makhleb


Message History

The orc priest miscasts a cantrip.
The orc barely misses you.
You hit the orc.
The orc is moderately wounded.
The orc closely misses you. x2
The orc priest calls upon Beogh to heal the orc.
The orc's wounds heal themselves!
You hit the orc.
You kill the orc!
Your Unarmed Combat skill increases to level 5!
The orc barely misses you. The orc closely misses you.
The orc barely misses you.
You closely miss the orc. The orc hits you but does no damage.
The orc priest mumbles some strange prayers to Beogh against you.
Something smites you!
* * * LOW HITPOINT WARNING * * *
You take 12 damage.
The orc priest invokes the aid of Beogh against you.
Something smites you!
You die...

.......#.....#.......#
#####.###..).#######..
..###.# #....# ## #.....#
#..#.## #.....# #..#o.#
#.###..##..##o### #.#
##.##.###...## ..####....#
###o.# ..........### ##@###
.......#....####...########.#
.............................
..........#.######.#######.##
.........##.# #...##.....
.........##.### ###....##.#
........###...####.....##..#
>......## ###......###.##.###
......##
###...######......###


You could see an orc priest and 2 orcs.

Vanquished Creatures
  2 adders (D:2)
  An orc (D:3)
  8 bats
  7 giant cockroaches
  4 goblins
  4 hobgoblins
  10 jackals
  6 kobolds
  A quokka (D:2)
  A giant newt (D:2)
  2 rats
46 creatures vanquished.

Notes
Turn   | Place    | Note
--------------------------------------------------------------
     0 | D:1      | xeno23 the Human Monk began the quest for the Orb.
     0 | D:1      | Reached XP level 1. HP: 18/18 MP: 1/1
   139 | D:1      | Reached XP level 2. HP: 21/24 MP: 2/2
   722 | D:2      | Reached XP level 3. HP: 24/29 MP: 3/3
  1241 | D:2      | Reached XP level 4. HP: 31/35 MP: 4/4
  1650 | D:3      | Found a burning altar of Makhleb.
  1650 | D:3      | Noticed a blizzard demon
  1696 | D:3      | Reached skill level 5 in Unarmed Combat
  1703 | D:3      | Killed from afar by an orc priest

Vault maps used:
D:1:      ncdulo_halloftheorcs, minmay_misc_feat_cross
D:3:      makhleb_altar_promises_db

Action                   |  1- 3 |  4- 6 || total
-------------------------+-------+-------++-------
Melee: Unarmed           |   121 |    67 ||   188
 Stab: Sleeping          |     3 |       ||     3
  Eat: Chunk             |     1 |     1 ||     2
